 Dungeon Crawl Stone Soup version 0.27-a0-1188-g73eefd5def (webtiles) character file.

Game seed: 17663146137447230802

30 bande the Skirmisher (level 3, -3/24 HPs)
             Began as a Gargoyle Fighter on May 21, 2021.
             Slain by Terence
             ... wielding a +0 flail
              (9 damage)
             ... on level 2 of the Dungeon.
             The game lasted 00:02:16 (1269 turns).

bande the Skirmisher (Gargoyle Fighter)             Turns: 1269, Time: 00:02:18

Health: -3/24      AC: 10    Str: 25    XL:     3   Next: 18%
Magic:  3/3        EV:  7    Int:  8    God:
Gold:   19         SH:  9    Dex: 10    Spells: 2/2 levels left

rFire    . . .     SeeInvis .   a - +0 war axe
rCold    . . .     Faith    .   c - +0 kite shield
rNeg     + . .     Spirit   .   b - +0 scale mail
rPois    ∞         Reflect  .   (no helmet)
rElec    +         Harm     .   (no cloak)
rCorr    .         Rampage  .   (no gloves)
Will     .....                  (no boots)
Stlth    ..........             (no amulet)
HPRegen  0.08/turn              g - +6 ring of strength
MPRegen  0.08/turn              (no ring)

@: mighty
A: sickness immunity, AC +3, negative energy resistance 1, electricity
resistance, torment resistance 1, petrification resistance
a: no special abilities


You were on level 2 of the Dungeon.
You visited 1 branch of the dungeon, and saw 2 of its levels.

You collected 19 gold pieces.

Inventory:

Hand Weapons
 a - a +0 war axe (weapon)
Armour
 b - a +0 scale mail (worn)
 c - a +0 kite shield (worn)
Jewellery
 g - a +6 ring of strength (left hand)
 i - a +6 ring of strength
Scrolls
 e - 2 scrolls of identify {unknown}
 f - a scroll of torment {unknown}
Potions
 h - a potion of flight {unknown}


   Skills:
 + Level 3.7 Fighting
 + Level 2.3 Axes
 + Level 3.7 Armour
 + Level 3.4 Shields


You had 2 spell levels left.
You didn't know any spells.
Your spell library was empty.

Dungeon Overview and Level Annotations

Branches:
Dungeon (2/15)

Altars:

Annotations:
D:2 Terence


Innate Abilities, Weirdness & Mutations

You are immune to sickness and miasma.
Your stone body is resilient. (AC +3)
You are immune to poison.
You resist negative energy. (rN+)
You are resistant to electric shocks. (rElec)
You are resistant to unholy torment.
You are immune to petrification.


Message History

The hobgoblin shouts!
Terence shouts, "Now you die!" The rat bites you but does no damage.
Found 10 gold pieces.
You closely miss the rat. The rat closely misses you.
You slash the rat!
You kill the rat!
Your shield prevents you from hitting Terence.
Your shield and scale mail prevent you from hitting the worm.
Terence hits you with a +0 flail.
An endoplasm comes into view.
The worm closely misses you. Terence closely misses you.
You barely miss Terence. You completely miss the worm.
Terence drinks a potion.
Terence seems to grow stronger.
You block the worm's attack.
You slash Terence!
Terence is severely wounded.
You slash the hobgoblin!
You kill the hobgoblin!
Your shield prevents you from hitting the worm.
Terence barely misses you. The worm bites you! Terence closely misses you.
You are too injured to fight recklessly!
You are too injured to fight recklessly!
You are too injured to fight recklessly!
You are too injured to fight recklessly!
You are too injured to fight recklessly!
You are too injured to fight recklessly!
You are too injured to fight recklessly!
You are too injured to fight recklessly!
You are too injured to fight recklessly!
Unknown command.
You feel very mighty all of a sudden. You block Terence's attack.
The worm barely misses you.
You closely miss Terence.
Terence is severely wounded.
You hit the worm. Terence hits you with a +0 flail.
* * * LOW HITPOINT WARNING * * *
The worm bites you but does no damage.
Terence shouts, "Get ready for death!"
Terence hits you with a +0 flail!
You die...

...... $# #.......#####..
+...............
#.....#........#
#..............#
#..............#
#...J@w........
#.....@........ ...
#.........#... ..#
#......#'### ##<##.#
#..........#
#...#.###..........+
#.⌠.#..............#
#...#..................
#..#..................
######........######......


You could see Terence (strong), a worm and an endoplasm.

Vanquished Creatures
  2 ball pythons
  A bat (D:1)
  4 endoplasms
  A giant cockroach (D:1)
  3 goblins (D:1)
  3 hobgoblins
  4 jackals (D:1)
  A quokka (D:1)
  4 kobolds (D:1)
  2 rats
25 creatures vanquished.

Notes
Turn   | Place    | Note
-------+----------+-------------------------------------------
     0 | D:1      | bande the Gargoyle Fighter began the quest for the Orb.
     0 | D:1      | Reached XP level 1. HP: 14/14 MP: 1/1
   576 | D:1      | Reached XP level 2. HP: 18/19 MP: 2/2
  1031 | D:1      | Reached XP level 3. HP: 24/24 MP: 3/3
  1261 | D:2      | Noticed Terence
  1269 | D:2      | Slain by Terence

Illustrated notes

Levels and vault maps discovered:
D:1:      elethiomel_arrival_maze, layout_basic, minmay_misc_feat_pillars,
          kennysheep_crisscross, minivault_27
D:2:      layout_basic, chequers_serial_rivers_micro_b, grunt_ministairs_4,
          uniq_robin, uniq_terence

Skill      XL: |  1  2 |
---------------+-------+-----
Axes           | 2 |  2.3
Fighting       | |  3.7
Armour         | |  3.7
Shields        | |  3.4

Action                   || total
-------------------------++-------
Melee: War axe           ||    58
  Use: Potion            ||     1
Armor: Scale mail        ||    24
Dodge: Dodged            ||    23
Block: Kite shield       ||    28

Table legend: (Time is in decaauts)
 A = Elapsed time spent in this place.
 B = Non-inter-level travel time spent in this place.
 C = Inter-level travel time spent in this place.
 D = Time resting spent in this place.
 E = Time spent auto-exploring this place.
 F = Levels seen in this place.
 G = Mean time per level.
                   A        B        C        D        E       F      G
               +--------+--------+--------+--------+--------+-----+--------+
         Total |   1304 |   1304 |      0 |      0 |   1111 |   2 |  652.0 |
       Dungeon |   1304 |   1304 |      0 |      0 |   1111 |   2 |  652.0 |
               +--------+--------+--------+--------+--------+-----+--------+

Top non-repeatable levels by time:
     D:1: 1231 daAuts
     D:2: 73 daAuts
